 Dungeon Crawl Stone Soup version 0.30-a0-728-gc68057be0a (webtiles) character file.

Game seed: 619710196671058862

7959 Dittersdorf the Fighter (level 11, -5/72 HPs)
             Began as a Gargoyle Fighter on Jan 30, 2023.
             Was a High Priest of Okawaru.
             Slain by a troll (10 damage)
             ... on level 10 of the Dungeon.
             The game lasted 00:17:08 (9004 turns).

Dittersdorf the Fighter (Gargoyle Fighter)          Turns: 9004, Time: 00:17:09

Health: -5/72      AC: 25    Str: 23    XL:     11   Next: 23%
Magic:  10/11      EV:  8    Int: 10    God:    Okawaru [*****.]
Gold:   598        SH: 11    Dex: 12    Spells: 10/10 levels left

rFire   . . .      SeeInvis +    B - +0 flail of Wu Jian, Shrinking {heavy, rElec rC+ Dex+3}
rCold   + . .      Faith    .    c - +0 buckler
rNeg    + . .      Spirit   .    x - +0 chain mail
rPois   ∞          Reflect  +    (no helmet)
rElec   +          Harm     .    o - +2 cloak
rCorr   .          Rampage  .    (no gloves)
Will    .....                    e - +1 pair of boots Stlth
                                 l - amulet of reflection
HPRegen 0.32/turn                i - ring of wizardry
MPRegen 0.12/turn                D - ring of see invisible

@: no status effects
A: sickness immunity, AC +8, negative energy resistance 1, electricity
resistance, torment resistance 1, petrification resistance
a: Renounce Religion, Heroism, Finesse, Duel


You were on level 10 of the Dungeon.
You worshipped Okawaru.
Okawaru was extremely pleased with you.
You visited 2 branches of the dungeon, and saw 11 of its levels.
You also visited: Sewer.

You collected 598 gold pieces.

Inventory:

Hand Weapons
 B - the +0 flail of Wu Jian, Shrinking (weapon) {heavy, rElec rC+ Dex+3}
   (You found it on level 5 of the Dungeon)

   Dex:       It affects your dexterity (+3).
   rC:        It protects you from cold.
   rElec:     It insulates you from electricity.
 J - a +2 flail of protection
Missiles
 g - 3 curare-tipped darts (quivered)
Armour
 c - a +0 buckler (worn)
 e - a +1 pair of boots (worn)
 o - a +2 cloak (worn)
 x - a +0 chain mail (worn)
Jewellery
 h - a ring of fire
 i - a ring of wizardry (left hand)
 l - an amulet of reflection (around neck)
 q - a ring of ice
 D - a ring of see invisible (right hand)
Wands
 r - a wand of iceblast (14)
 u - a wand of digging (6)
Scrolls
 a - a scroll of amnesia {unknown}
 b - 5 scrolls of teleportation {unknown}
 j - a scroll of vulnerability {unknown}
 k - 4 scrolls of magic mapping
 m - 2 scrolls of enchant weapon
 n - a scroll of fear
 y - 2 scrolls of brand weapon {unknown}
 C - a scroll of blinking
 G - a scroll of fog
 H - 2 scrolls of poison
 I - a scroll of enchant armour
Potions
 d - 2 potions of might
 f - 3 potions of mutation
 p - 4 potions of haste
 s - 5 potions of curing
 t - 4 potions of flight
 w - a potion of ambrosia
 z - 2 potions of magic
 A - a potion of invisibility
 F - 7 potions of heal wounds
Miscellaneous
 E - a piece from Xom's chessboard (15/15)


   Skills:
 + Level 10.0 Fighting
 + Level 8.9 Maces & Flails
 + Level 10.0 Armour
 + Level 10.0 Shields


You had 10 spell levels left.
You didn't know any spells.
Your spell library contained the following spells:

 Spells                   Type           Power      Damage    Failure   Level
 Magic Dart               Conj           0%         1d3       69%         1
 Shock                    Conj/Air       0%         1d3       69%         1
 Slow                     Hex            0%         N/A       69%         1
 Searing Ray              Conj           0%         2d4       82%         2
 Confusing Touch          Hex            0%         N/A       95%         3
 Dazzling Flash           Conj/Hex       0%         N/A       95%         3
 Swiftness                Air            0%         N/A       95%         3
 Vampiric Draining        Necr           0%         2d6       95%         3
 Airstrike                Air            0%         2d(0-16)  100%        4
 Fulminant Prism          Conj/Hex       0%         3d5       100%        4
 Iskenderun's Mystic Bla  Conj/Tloc      0%         2d3       100%        4
 Petrify                  Tmut/Erth      0%         N/A       100%        4
 Borgnjor's Vile Clutch   Necr/Erth      0%         N/A       100%        5
 Metabolic Englaciation   Hex/Ice        0%         N/A       100%        5
 Starburst                Conj/Fire      0%         6d3       100%        6
 Animate Dead             Necr           Unusable   N/A       N/A         4
 Death Channel            Necr           Unusable   N/A       N/A         6
 Statue Form              Tmut/Erth      Unusable   N/A       N/A         6

Dungeon Overview and Level Annotations

Branches:
Dungeon (10/15)            Temple (1/1) D:6             Orc (0/2) D:9
  Sewer (visited)
   Lair: D:8-11

Altars:
Ashenzari
Cheibriados
Dithmenos
Elyvilon
Fedhas
Gozag
Hepliaklqana
Kikubaaqudgha
Makhleb
Nemelex Xobeh
Okawaru
Qazlal
Ru
Sif Muna
Trog
Uskayaw
Vehumet
Wu Jian
Xom
Yredelemnul
Zin
The Shining One

Shops:
D:6 !   D:8 *

Annotations:
D:3 1 runed translucent door, Dittersdorf's ghost, amateur GrFi
D:10 Gastronok


Innate Abilities, Weirdness & Mutations

You are immune to sickness and miasma.
Your stone body is resilient. (AC +8)
You are immune to poison.
You resist negative energy. (rN+)
You are resistant to electric shocks. (rElec)
You are resistant to unholy torment.
You are immune to petrification.


Message History

Gastronok waves his eye-stalks in wide circles.
The air twists around and strikes you!!
You gain the combat prowess of a mighty hero.
You sock Gastronok!
Gastronok is lightly wounded.
You wobble.
You bludgeon Gastronok!!
Gastronok is moderately wounded.
You crush Gastronok like a grape!!!
Gastronok is heavily wounded.
Gastronok bites you but does no damage.
You hit Gastronok but do no damage.
Gastronok is heavily wounded.
Something unseen opens the door.
Gastronok's eyestalks quiver as he mumbles some strange words.
Gastronok puts on a burst of speed!
You hit Gastronok.
Gastronok is heavily wounded.
You hit Gastronok but do no damage.
Gastronok is heavily wounded.
Gastronok bites you!!
* * * LOW HITPOINT WARNING * * *
You barely miss Gastronok.
Gastronok is heavily wounded.
You hit Gastronok.
Gastronok is heavily wounded.
You block the troll's attack. The troll claws you!
* * * LOW HITPOINT WARNING * * *
The troll claws you.
* * * LOW HITPOINT WARNING * * *
Gastronok closely misses you.
You sock Gastronok!
Gastronok is heavily wounded.
You feel like a meek peon again. The troll bites you but does no damage.
You block the troll's attack. The troll barely misses you.
There is a stone staircase leading down here.
Gastronok chants a spell, wobbling all the while.
The troll bites you!
You die...

..... #.....#
#......#.....#
#......#.....#
+......'...."#
#.(....#.....######
####
#......#wr.....!..#
#...
#........r...(....#
#.>.
#.......T.........#
#...
###...@.....$....#
#...
#.....##.........#
#...
#.###<##.........#
#... .
........##.#####
#... .####....##.#
#... .........##.#
#... #########.##.#
#... ........#.##.#
#.## #.####.#.##.#
#.#


You could see Gastronok (swift), a troll, a river rat (summoned) and a rat
(summoned).

Vanquished Creatures
  A two-headed ogre (D:9)
  A hornet (D:7)
  A shadow (D:5)
  3 humans
  8 yaks
  2 wyverns
  2 vampire mosquitoes (D:8)
  2 steam dragons
  An acid dragon (D:8)
  Duvessa (D:7)
  4 water moccasins
  7 orc warriors
  5 ice beasts
  A centaur (D:9)
  2 ogres
  3 phantoms
  2 kobold brigands (Sewer)
  A gnoll sergeant (D:8)
  Blork the orc (D:4)
  3 scorpions
  2 necrophages
  3 wights (D:6)
  Dowan (D:7)
  8 killer bees
  5 electric eels (D:9)
  A howler monkey (D:9)
  Crazy Yiuf (D:2)
  5 hounds
  A gnoll bouda (D:7)
  6 orc priests
  2 jellies
  Jessica (D:2)
  3 iguanas (D:6)
  Natasha (thrice) (D:2)
  8 orc wizards
  10 gnolls
  2 river rats (Sewer)
  8 adders
  3 shadow imps
  2 ufetubi (D:5)
  3 worms
  4 dart slugs
  36 orcs
  7 endoplasms
  2 giant cockroaches
  2 goblins
  6 hobgoblins
  3 jackals
  9 kobolds
  2 quokkas
  4 ball pythons
  8 bats
  3 frilled lizards
  17 rats
232 creatures vanquished.

Vanquished Creatures (others)
  An orc wizard (D:4)
  74 plants
75 creatures vanquished.

Grand Total: 307 creatures vanquished

Notes
Turn   | Place    | Note
-------+----------+-------------------------------------------
     0 | D:1      | Dittersdorf the Gargoyle Fighter began the quest for the
                  | Orb.
     0 | D:1      | Reached XP level 1. HP: 14/14 MP: 1/1
   303 | D:1      | Reached XP level 2. HP: 18/19 MP: 2/2
   936 | D:2      | Reached XP level 3. HP: 21/23 MP: 3/3
  1054 | D:2      | Found a hazy altar of Hepliaklqana.
  1056 | D:2      | Noticed Natasha
  1063 | D:2      | Killed Natasha
  1163 | D:2      | Reached XP level 4. HP: 29/29 MP: 4/4
  1167 | D:2      | Noticed Natasha
  1179 | D:2      | Killed Natasha
  1222 | D:2      | Noticed Jessica
  1227 | D:2      | Killed Jessica
  1259 | D:2      | Noticed Natasha
  1269 | D:2      | Killed Natasha
  1270 | D:2      | Reached XP level 5. HP: 23/33 MP: 5/5
  1419 | D:2      | Found a runed translucent door.
  1420 | D:2      | Noticed Crazy Yiuf
  1498 | D:2      | HP: 1/33 [Crazy Yiuf/+3 quarterstaff of chaos (5)]
  1502 | D:2      | Killed Crazy Yiuf
  2005 | D:3      | Reached XP level 6. HP: 39/39 MP: 6/6
  2056 | D:3      | You fall into a shaft and drop 3 floors!
  2057 | D:6      | yay!
  2079 | D:6      | Found a staircase to the Ecumenical Temple.
  2089 | Temple   | Entered the Ecumenical Temple
  2096 | D:6      | Found a glowing drain.
  2121 | Sewer    | Entered a sewer
  2231 | Sewer    | Reached skill level 5 in Fighting
  2231 | Sewer    | Reached skill level 5 in Armour
  2231 | Sewer    | Reached skill level 5 in Shields
  2231 | Sewer    | Reached XP level 7. HP: 34/44 MP: 7/7
  2283 | Sewer    | Found a white marble altar of Elyvilon.
  2427 | D:6      | Noticed a steam dragon
  2440 | D:6      | Killed a steam dragon
  2567 | D:6      | Found Rid Yrim's Distillery.
  2676 | D:5      | Entered Level 5 of the Dungeon
  2743 | D:6      | Reached XP level 8. HP: 43/51 MP: 8/8
  2979 | D:5      | Reached skill level 5 in Maces & Flails
  3284 | D:3      | Found a runed translucent door.
  3285 | D:3      | Noticed Dittersdorf's ghost (amateur GrFi)
  3528 | D:4      | Found a shimmering blue altar of Sif Muna.
  3983 | D:4      | Noticed Blork the orc
  3992 | D:4      | Killed Blork the orc
  4278 | D:4      | Found an iron altar of Okawaru.
  4289 | D:4      | Became a worshipper of Warmaster Okawaru
  4469 | D:5      | Reached XP level 9. HP: 56/56 MP: 9/9
  4487 | D:5      | Identified the +0 flail of Wu Jian, Shrinking {heavy, rElec
                  | rC+ Dex+3}
  4642 | D:5      | Reached * piety under Okawaru
  4995 | D:6      | Found a shimmering altar of Xom.
  5610 | D:6      | Reached ** piety under Okawaru
  5798 | D:7      | Reached XP level 10. HP: 64/64 MP: 10/10
  5840 | D:7      | Reached *** piety under Okawaru
  5916 | D:7      | Noticed Duvessa
  5918 | D:7      | Noticed Dowan
  5921 | D:7      | Killed Duvessa
  5924 | D:7      | Killed Dowan
  6244 | D:8      | Noticed a moth of wrath
  6247 | D:8      | Found a bloodstained altar of Trog.
  6702 | D:8      | Found a stormy altar of Qazlal.
  6737 | D:8      | Found Inurecw's Fire Supplies.
  6998 | D:8      | Found a radiant altar of Vehumet.
  7206 | D:8      | Reached **** piety under Okawaru
  7798 | D:9      | Reached XP level 11. HP: 71/72 MP: 11/11
  7897 | D:9      | Reached ***** piety under Okawaru
  8384 | D:9      | Noticed a two-headed ogre
  8391 | D:9      | Killed a two-headed ogre
  8392 | D:9      | Reached skill level 10 in Fighting
  8483 | D:9      | Found a shadowy altar of Dithmenos.
  8726 | D:9      | Reached skill level 10 in Shields
  8775 | D:9      | Found a staircase to the Orcish Mines.
  8818 | D:10     | Entered Level 10 of the Dungeon
  8834 | D:10     | Reached skill level 10 in Armour
  8985 | D:10     | Noticed Gastronok
  8999 | D:10     | HP: 3/72 [troll (4)]
  9004 | D:10     | Slain by a troll

Illustrated notes

##########.#
.......@.>.#
#.#.###.####
#.. #.## #.#
#.# #.. ..#


Turn 2057 on D:6: yay!

Levels and vault maps discovered:
D:1:      amcnicky_arrival_wind_blow, layout_basic
D:2:      layout_basic, basic_altar, uniq_natasha, uniq_crazy_yiuf_cottage,
          uniq_jessica
D:3:      layout_rooms, gammafunk_ghost_grave, serial_bayou,
          serial_bayou_lagoon_a, serial_bayou_crossing, serial_bayou_shore_b,
          serial_bayou_pond_d, st_stairs_12
D:4:      layout_basic, led_sif_book, kennysheep_okawaru_gauntlet,
          uniq_blork_the_orc
D:5:      kennysheep_big_flooded_room, layout_gridville, minmay_checkerbox
D:6:      layout_loops_corners, xom_butterflies, minmay_temple_entry_junction,
          portal_sewer_entry_a, serial_shops, nicolae_shop_hallway_stairs,
          kennysheep_flooded_box
D:7:      layout_rooms, kennysheep_decorative_pillar, minmay_ruffians,
          uniq_duvessa
D:8:      layout_loops_ring, mainiacjoe_overflow_catch_the_wave, tgw_trog,
          nicolae_shop_fire_sale [nicolae_sub_dead_trees], minivault_4
D:9:      layout_stronghold, lemuel_doored_altar, erik_orc_2
D:10:     layout_basic, uniq_maggie, uniq_gastronok
Temple:   nicolae_temple_no_exploring_needed

Skill      XL: |  1  2  3  4  5  6  7  8  9 10 11 |
---------------+----------------------------------+-----
Armour         | 4 5 6 8 9 10 | 10.0
Shields        | 4 5 6 8 9 10 | 10.0
Fighting       | 4 5 6 8 9 10 | 10.0
Maces & Flails | 3 4 5 7 8 |  8.9

Action                     |  1- 3 |  4- 6 |  7- 9 | 10-12 || total
---------------------------+-------+-------+-------+-------++-------
  Melee: Flail             |    57 |   224 |   369 |   313 ||   963
  Throw: Dart              |       |       |       |     2 ||     2
 Invoke: Heroism           |       |       |       |     2 ||     2
    Use: Scroll            |       |     6 |     3 |     8 ||    17
 Armour: Scale mail        |    29 |   162 |    71 |       ||   262
         Chain mail        |       |       |   188 |   186 ||   374
  Dodge: Dodged            |    20 |   124 |   141 |   101 ||   386
  Block: Buckler           |    19 |   165 |   256 |   233 ||   673
         Reflection        |     1 |       |     4 |     3 ||     8

Table legend: (Time is in decaauts)
 A = Elapsed time spent in this place.
 B = Non-inter-level travel time spent in this place.
 C = Inter-level travel time spent in this place.
 D = Time resting spent in this place.
 E = Time spent auto-exploring this place.
 F = Levels seen in this place.
 G = Mean time per level.
                   A        B        C        D        E       F      G
               +--------+--------+--------+--------+--------+-----+--------+
         Total |   9409 |   9108 |    301 |   1354 |   5399 |  12 |  784.1 |
       Dungeon |   9094 |   8793 |    301 |   1326 |   5264 |  10 |  909.4 |
        Temple |      1 |      1 |      0 |      0 |      0 |   1 |    1.0 |
         Sewer |    313 |    313 |      0 |     28 |    135 |   1 |  313.0 |
               +--------+--------+--------+--------+--------+-----+--------+

Top non-repeatable levels by time:
     D:9: 1451 daAuts
     D:6: 1381 daAuts
     D:8: 1321 daAuts
     D:5: 885 daAuts
     D:1: 872 daAuts
     D:4: 852 daAuts
     D:2: 837 daAuts
     D:3: 728 daAuts
     D:7: 573 daAuts
   Sewer: 313 daAuts
    D:10: 191 daAuts
  Temple: 1 daAuts
